Map: Terrasses de Prion

Players

Hybrid

  • Race: Zerg Zerg
  • League: Diamond

Ownards - Winner!

  • Race: Protoss Protoss
  • League: Diamond

VOD

Have the link to the VOD?

Description

Time

  • Played on: Feb. 11, 2016, 4:40 p.m.
  • Length: 8:15
Show
View Real Time Build Order
Export as new Build Order

Hybrid Zerg 

Build Orders: Pool First 

Get SALT Encoding   

  12  0:01  Drone  
  13  0:12  Overlord  
  13  0:18  Drone  
  14  0:30  Drone x2  
  14  0:35  Drone  
  17  0:45  Spawning Pool  
  17  0:49  Drone  
  17  1:09  Hatchery  
  16  1:12  Drone  
  16  1:14  Extractor  
  16  1:17  Drone  
  17  1:23  Overlord  
  17  1:33  Queen  
  17  1:39  Zergling x2  
  20  1:42  Zergling x2  
  21  1:49  Drone  
  22  2:00  Drone  
  23  2:09  Queen  
  23  2:13  Drone  
  26  2:23  Metabolic Boost  
  26  2:24  Queen  
  26  2:27  Drone x2  
  30  2:41  Overlord  
  30  2:54  Drone x5  
  34  3:03  Drone x2  
  35  3:10  Extractor  
  35  3:11  Extractor  
  33  3:13  Drone x2, Roach Warren  
  33  3:19  Zergling x6  
  38  3:20  Zergling x2  
  38  3:30  Evolution Chamber  
  38  3:33  Drone x2  
  38  3:34  Drone  
  40  3:43  Overlord  
  40  3:44  Zergling x2, Overlord  
  40  3:45  Zergling x2  
  42  3:52  Lair  
  42  3:54  Zergling x2  
  42  3:55  Zergling x2  
  44  4:04  Drone x4  
  47  4:16  Spore Crawler  
  46  4:17  Spore Crawler  
  46  4:18  Spore Crawler, Spine Crawler  
  43  4:45  Zerg Missile Weapons Level 1  
  43  4:49  Drone x7  
  43  4:52  Glial Reconstitution  
  50  4:53  Roach  
  50  4:54  Roach  
  54  5:13  Roach  
  54  5:14  Roach x2  
  60  5:19  Overlord x2  
  60  5:22  Hatchery  
  59  5:34  Ravager  
  60  5:36  Overlord x2  
  60  5:39  Ravager x2  
  60  5:42  Roach  
  70  5:43  Roach x4  
  72  5:56  Roach x6  
  84  6:05  Overlord x2  
  84  6:19  Hydralisk Den  
  84  6:21  Overlord  
  84  6:22  Extractor, Overlord  
  82  6:35  Queen  
  82  6:37  Drone x9  
  93  6:46  Ravager x3  
  96  6:54  Drone  
  96  6:55  Drone x2  
  96  6:56  Drone x2  
  101  7:04  Spore Crawler  
  100  7:10  Drone x5  
  105  7:23  Pneumatized Carapace  
  105  7:29  Roach x4  
  113  7:34  Overlord  
  113  7:35  Overlord x3  
  113  7:46  Spire  
  112  7:52  Hatchery, Overlord x3  
Show
View Real Time Build Order
Export as new Build Order

Ownards Protoss - Winner!

Build Orders: 1 Gate Expand, Oracle Opening 

Get SALT Encoding   

  12  0:00  Probe (Chrono Boost)  
  13  0:11  Probe (Chrono Boost)  
  14  0:19  Pylon  
  14  0:22  Probe (Chrono Boost)  
  15  0:37  Probe (Chrono Boost)  
  15  0:38  Gateway  
  16  0:43  Assimilator  
  16  0:48  Probe (Chrono Boost)  
  17  0:52  Assimilator  
  17  0:58  Probe (Chrono Boost)  
  18  1:09  Probe (Chrono Boost)  
  19  1:19  Probe (Chrono Boost)  
  20  1:26  Cybernetics Core  
  20  1:42  Nexus  
  20  1:48  Zealot (Chrono Boost)  
  22  1:55  Pylon  
  22  1:59  Probe  
  23  2:10  Stargate  
  23  2:13  Probe  
  24  2:17  Warp Gate (Chrono Boost)  
  24  2:24  Adept (Chrono Boost)  
  26  2:33  Probe  
  27  2:45  Mothership Core  
  27  2:48  Pylon  
  27  2:50  Adept (Chrono Boost)  
  31  2:56  Pylon  
  31  3:02  Probe  
  32  3:06  Probe  
  32  3:07  Oracle  
  36  3:15  Probe  
  36  3:18  Probe  
  38  3:20  Pylon  
  38  3:25  Probe  
  38  3:26  Adept (Chrono Boost)  
  42  3:34  Probe  
  42  3:36  Probe  
  43  3:43  Oracle  
  43  3:46  Probe  
  43  3:47  Probe  
  48  3:58  Pylon, Probe  
  48  4:00  Probe  
  50  4:10  Probe x2  
  52  4:18  Oracle  
  52  4:21  Probe  
  52  4:22  Probe  
  57  4:29  Gateway  
  57  4:31  Gateway, Probe  
  57  4:33  Gateway  
  57  4:36  Probe  
  59  4:43  Probe  
  60  4:46  Assimilator  
  60  4:49  Nexus  
  60  4:53  Twilight Council, Assimilator  
  60  4:56  Pylon  
  60  5:03  Oracle  
  63  5:08  Pylon  
  63  5:19  Probe  
  63  5:21  Probe  
  65  5:29  Forge  
  65  5:30  Probe  
  65  5:31  Pylon  
  65  5:33  Pylon, Probe  
  48  5:35  Resonating Glaives (Chrono Boost)  
  67  5:39  Zealot x3  
  67  5:40  Stalker, Probe  
  76  5:45  Probe  
  77  5:51  Probe  
  78  5:57  Probe  
  78  5:59  Gateway x2  
  78  6:02  Probe  
  80  6:04  Stalker x3  
  80  6:05  Probe  
  80  6:09  Probe  
  80  6:10  Protoss Ground Weapons Level 1 (Chrono Boost)  
  88  6:16  Probe  
  89  6:22  Stalker  
  89  6:25  Pylon  
  91  6:26  Probe  
  91  6:27  Probe  
  93  6:34  Stalker  
  93  6:35  Stalker x2  
  93  6:36  Probe x2  
  101  6:40  Probe  
  101  6:43  Assimilator  
  101  6:44  Assimilator  
  101  6:46  Pylon  
  102  6:47  Pylon  
  102  6:53  Stalker  
  104  6:58  Stalker  
  104  6:59  Stalker, Zealot  
  104  7:00  Stalker  
  112  7:05  Oracle  
  112  7:06  Probe  
  112  7:07  Probe  
  112  7:08  Probe  
  118  7:19  Probe  
  118  7:21  Nexus  
  119  7:37  Stalker x3  
  119  7:38  Stalker x3  
  119  7:41  Probe  
  135  7:54  Pylon  
  135  7:55  Pylon  
  135  7:57  Pylon  
  135  7:59  Pylon  
  135  8:02  Assimilator  
  135  8:05  Assimilator  
  131  8:08  Stalker  
  131  8:09  Stalker x2  
Tags
 
Add a new tag
Caveats
  • Supply blocks, unpowered buildings, or Contaminate may cause inaccurate times.
  • Supply counts are checked every 10 seconds.